 Dungeon Crawl Stone Soup version 0.27-a0-899-ge2d0b17c59 (webtiles) character file.

Game seed: 70943264385725754

681 dickylongcocking the Magician (level 7, -1/54 HPs)
             Began as a Djinni Hedge Wizard on Apr 5, 2021.
             Was an Initiate of Cheibriados.
             Slain by an ogre
             ... wielding a +0 giant club
              (19 damage)
             ... on level 6 of the Dungeon.
             The game lasted 00:06:38 (7932 turns).

dickylongcocking the Magician (Djinni Hedge Wizard) Turns: 7932, Time: 00:06:39

Health: -1/54      AC:  5    Str: 10    XL:     7   Next: 61%
Gold:   254        EV: 10    Int: 19    God:    Cheibriados [......] SH:  0 Dex: 13

rFire    + + +     SeeInvis .   d - staff of fire
rCold    x . .     Faith    .   (no shield)
rNeg     . . .     Spirit   .   s - +0 ring mail
rPois    ∞         Reflect  .   c - +0 hat
rElec    .         Harm     .   (no cloak)
rCorr    .         Rampage  .   (no gloves)
Will     .....                  (boots unavailable)
Stlth    +.........             (no amulet)
HPRegen  0.18/turn              (no ring)
MPRegen  0.00/turn              (no ring)

@: flying, very slightly contaminated, very slow
A: fire resistance 2, cold vulnerability 1, float, innate caster, hp casting,
extra vitality 1, evolution 1
a: Renounce Religion, Bend Time


You were on level 6 of the Dungeon.
You worshipped Cheibriados.
Cheibriados was noncommittal.
You visited 2 branches of the dungeon, and saw 7 of its levels.

You collected 254 gold pieces.

Inventory:

Hand Weapons
 a - a +0 dagger
 g - a +0 dagger
 o - a +0 dagger
 p - a +0 trident
Armour
 b - a +0 robe
 c - a +0 hat (worn)
 i - a +0 buckler
 r - a +0 leather armour
 s - a +0 ring mail (worn)
Magical Staves
 d - a staff of fire (weapon)
Scrolls
 e - a scroll of immolation {unknown}
 f - 4 scrolls of identify {unknown}
 h - a scroll of fear {unknown}
 l - 3 scrolls of teleportation {unknown}
 u - a scroll of amnesia {unknown}
Potions
 k - a potion of brilliance
 m - a potion of degeneration {unknown}
 n - a potion of lignification
 q - a potion of invisibility {unknown}
 t - a potion of flight


   Skills:
 * Level 5.2 Fighting
 - Level 2.4 Dodging
 - Level 1.7 Stealth
 * Level 5.5 Spellcasting


You couldn't memorise any spells.
You knew the following spells:

 Your Spells              Type           Power      Damage    Failure   Level
a - Magic Dart            Conj           100%       1d8       3%          1
b - Blink                 Tloc           N/A        N/A       4%          2
c - Call Imp              Summ           26%        N/A       4%          2
d - Slow                  Hex            26%        N/A       4%          2
e - Conjure Flame         Conj/Fire      39%        6-21      10%         3
f - Mephitic Cloud        Conj/Pois/Air  26%        N/A       10%         3
g - Foxfire               Conj/Fire      100%       2x1d9     3%          1
h - Searing Ray           Conj           52%        3d5       4%          2
i - Lesser Beckoning      Tloc           13%        N/A       10%         3
Your spell library was empty.

Dungeon Overview and Level Annotations

Branches:
Dungeon (6/15)             Temple (1/1) D:4

Altars:
Ashenzari
Cheibriados
Dithmenos
Elyvilon
Gozag
Hepliaklqana
Kikubaaqudgha
Nemelex Xobeh
Okawaru
Ru
Sif Muna
Trog
Uskayaw
Vehumet
Wu Jian
Xom
Yredelemnul
Zin
The Shining One


Innate Abilities, Weirdness & Mutations

You are immune to poison.
Your flesh is very heat resistant. (rF++)
You are vulnerable to cold. (rC-)
You float through the air rather than walking.
You learn spells naturally, not from books.
Your magical power is your life essence.
You have superior vitality. (+4 HP)
You evolve.


Message History

Unknown command.
Unknown command.
Casting: Call Imp (safe; 4% risk of failure)
Confirm with . or Enter, or press ? or * to list all spells.
A beastly little devil appears in a puff of flame.
The howler monkey skeleton hits you.
Your crimson imp hits the howler monkey skeleton.
Unknown command.
Unknown command.
Unknown command.
Casting: Call Imp (safe; 4% risk of failure)
Confirm with . or Enter, or press ? or * to list all spells.
A beastly little devil appears in a puff of frigid air.
The howler monkey skeleton barely misses you.
The ogre barely misses you.
Your crimson imp blinks! x2
Unknown command.
Unknown command.
You swap places.
The howler monkey skeleton hits you but does no damage.
Your crimson imp blinks!
Your white imp hits the howler monkey skeleton.
Your white imp freezes the howler monkey skeleton.
The howler monkey skeleton completely resists.
Your white imp gestures at the howler monkey skeleton.
The puff of frost hits the howler monkey skeleton.
The howler monkey skeleton resists.
The howler monkey skeleton hits your white imp.
You swap places.
Your crimson imp blinks!
Your white imp hits the howler monkey skeleton.
The howler monkey skeleton is destroyed!
Cheibriados appreciates the change of pace.
Casting: Call Imp (safe; 4% risk of failure)
Confirm with . or Enter, or press ? or * to list all spells.
You miscast Call Imp.
You are very lightly contaminated with residual magic.
Nothing appears to happen.
The ogre hits you with a +0 giant club!!
You die...

### ###+### ..# ..?....
#5# ....... #.# ...(...
#.# ....... #@# !......
#O#
.......########5######.#
.........5..............
###########.....#######.
#.###########.
#.##...#...##.
#....#.#.#.##.##
######.#.#.# §.# .#


You could see an ogre (ally target), a friendly crimson imp (summoned) and a
friendly white imp (summoned).

Vanquished Creatures
  A sky beast (D:6)
  2 ogres
  2 hounds
  A bullfrog skeleton (D:5)
  3 iguanas
  Natasha (D:3)
  A scorpion zombie (D:5)
  4 gnolls (D:4)
  3 adders
  A shadow imp (D:6)
  A white imp (D:5)
  An ufetubus (D:6)
  An adder skeleton (D:4)
  3 dart slugs
  An orc (D:6)
  2 ball pythons
  3 endoplasms
  6 giant cockroaches
  3 goblins
  5 hobgoblins
  2 frilled lizards
  A kobold (D:1)
  3 rats
51 creatures vanquished.

Vanquished Creatures (collateral kills)
  2 orc wizards (D:3)
  A howler monkey skeleton (D:6)
  5 adders
  3 orcs (D:3)
  2 endoplasms
  2 giant cockroaches
  4 goblins
  3 hobgoblins (D:2)
  2 jackals (D:2)
  2 ball pythons
  2 kobolds (D:2)
  A rat (D:3)
29 creatures vanquished.

Vanquished Creatures (others)
  128 foxfires
128 creatures vanquished.

Grand Total: 208 creatures vanquished

Notes
Turn   | Place    | Note
-------+----------+-------------------------------------------
     0 | D:1      | dickylongcocking the Djinni Hedge Wizard began the quest
                  | for the Orb.
     0 | D:1      | Reached XP level 1. HP: 15/15 MP: 0/0
   459 | D:1      | Reached XP level 2. HP: 16/21 MP: 0/0
  1453 | D:2      | Reached XP level 3. HP: 11/26 MP: 0/0
  1453 | D:2      | Learned a level 1 spell: Foxfire
  1880 | D:2      | Reached skill level 1 in Fighting
  2335 | D:2      | Reached XP level 4. HP: 8/32 MP: 0/0
  4017 | D:3      | Found a sparkling altar of Nemelex Xobeh.
  4214 | D:3      | Noticed Natasha
  4216 | D:3      | Reached XP level 5. HP: 37/39 MP: 0/0
  4216 | D:3      | Learned a level 2 spell: Searing Ray
  4217 | D:3      | Killed Natasha
  4368 | D:3      | Found a glowing silver altar of Zin.
  4560 | D:4      | Noticed an ogre
  5541 | D:4      | Reached XP level 6. HP: 40/46 MP: 0/0
  5634 | D:4      | Found a staircase to the Ecumenical Temple.
  5649 | Temple   | Entered the Ecumenical Temple
  5838 | Temple   | Became a worshipper of Cheibriados the Contemplative
  6142 | D:4      | Found a hide-covered altar of Uskayaw.
  6205 | D:5      | Entered Level 5 of the Dungeon
  6455 | D:5      | Reached skill level 5 in Spellcasting
  6455 | D:5      | Reached XP level 7. HP: 16/53 MP: 0/0
  6455 | D:5      | Learned a level 3 spell: Lesser Beckoning
  7173 | D:6      | Gained mutation: Your spells are a little easier to cast,
                  | but a little less powerful. [potion of mutation]
  7173 | D:6      | Gained mutation: You evolve. [potion of mutation]
  7173 | D:6      | Lost mutation: Your spells are a little easier to cast, but
                  | a little less powerful. [potion of mutation]
  7174 | D:6      | Reached skill level 5 in Fighting
  7932 | D:6      | Slain by an ogre

Illustrated notes

Levels and vault maps discovered:
D:1:      ebering_hopf_link, layout_loops_ring
D:2:      layout_loops_ring, nrook_uturn
D:3:      layout_loops_corners, zin_statuary, overflow_temple_1_default,
          uniq_natasha
D:4:      layout_loops_ring, old_standard_altar, minmay_temple_entry_waves
D:5:      layout_basic, grunt_decor_clamped
D:6:      layout_basic, chequers_ossuary_entry_cave
Temple:   regret_index_temple_sphere_string

Skill      XL: |  1  2  3  4  5  6  7 |
---------------+----------------------+-----
Spellcasting   | 3 4 5 |  5.5
Fighting       | 1 2 3 4 5 |  5.2
Dodging        | |  2.4
Stealth        | |  1.7

Action                   |  1- 3 |  4- 6 |  7- 9 || total
-------------------------+-------+-------+-------++-------
Melee: Dagger            |    35 |    34 |       ||    69
       Staff             |       |    18 |    11 ||    29
 Cast: Magic Dart        |    28 |     9 |     1 ||    38
       Call Imp          |    22 |    19 |     3 ||    44
       Foxfire           |       |    62 |    31 ||    93
       Blink             |       |     2 |       ||     2
       Slow              |       |     3 |       ||     3
       Mephitic Cloud    |       |     1 |       ||     1
  Use: Potion            |     1 |     1 |     5 ||     7
 Stab: Sleeping          |     2 |       |       ||     2
Armor: Robe              |     7 |     3 |       ||    10
       Leather armour    |       |     5 |       ||     5
       Ring mail         |       |     2 |    14 ||    16
       Skin              |       |       |     1 ||     1
Dodge: Dodged            |    32 |    59 |    24 ||   115

Table legend: (Time is in decaauts)
 A = Elapsed time spent in this place.
 B = Non-inter-level travel time spent in this place.
 C = Inter-level travel time spent in this place.
 D = Time resting spent in this place.
 E = Time spent auto-exploring this place.
 F = Levels seen in this place.
 G = Mean time per level.
                   A        B        C        D        E       F      G
               +--------+--------+--------+--------+--------+-----+--------+
         Total |   8205 |   7954 |    251 |   1251 |   5821 |   7 | 1172.1 |
       Dungeon |   7999 |   7804 |    195 |   1251 |   5676 |   6 | 1333.2 |
        Temple |    205 |    149 |     56 |      0 |    145 |   1 |  205.0 |
               +--------+--------+--------+--------+--------+-----+--------+

Top non-repeatable levels by time:
     D:2: 1761 daAuts
     D:3: 1684 daAuts
     D:1: 1407 daAuts
     D:4: 1247 daAuts
     D:5: 1055 daAuts
     D:6: 842 daAuts
  Temple: 205 daAuts
